 Dungeon Crawl Stone Soup version 0.31.0-1-g2c135a008e (webtiles) character file.

Game seed: 2495068860156722637

132066 Amplified the Anamnesiscian (level 16, -2/120 HPs)
             Began as a Demonspawn Fighter on Jan 19, 2024.
             Was an Elder of Hepliaklqana.
             Slain by a water elemental (8 damage)
             ... on level 3 of the Shoals on Jan 20, 2024.
             The game lasted 01:28:34 (25203 turns).

Amplified the Anamnesiscian (Demonspawn Fighter)   Turns: 25203, Time: 01:28:35

Health: -2/120     AC: 17    Str: 22    XL:     16   Next: 33%
Magic:  0/28       EV: 14    Int: 12    God:    Hepliaklqana [****..]
Gold:   1114       SH: 10    Dex: 12    Spells: 8/15 levels left

rFire   . . .        I - -2 demon whip (venom)
rCold   + . .        w - +0 kite shield
rNeg    + . .        n - +2 ring mail {rN+}
rPois   +            t - +1 hat {SInv}
rElec   .            p - scarf {shadows}
rCorr   .            D - +2 pair of gloves of Minor Irritation {rC+}
SInv    +            b - +1 pair of boots
Will    +....        g - amulet of regeneration
Stlth   +            P - ring of poison resistance
HPRegen 1.20/turn    h - +5 ring of evasion
MPRegen 0.42/turn

%: guardian spirit
@: mighty, engulfed (cannot breathe), very slow
A: reduced essence, horns 1, slimy green scales 2, powered by pain 3, magic
shield, magic regeneration
a: Renounce Religion, Recall Ancestor, Ancestor Identity, Transference, Idealise


You were on level 3 of the Shoals.
You worshipped Hepliaklqana.
Hepliaklqana was greatly pleased with you.
You visited 5 branches of the dungeon, and saw 26 of its levels.
You also visited: Sewer and Volcano.

You collected 3294 gold pieces.
You spent 2180 gold pieces at shops.

Inventory:

Hand Weapons
 a - a +3 morningstar of freezing
 y - a +2 heavy broad axe
 I - a -2 demon whip of venom (weapon)
Missiles
 r - a curare-tipped dart (quivered)
 s - 6 poisoned darts
Armour
 b - a +1 pair of boots (worn)
 n - a +2 ring mail of positive energy (worn)
 p - a scarf of shadows (worn)
 t - a +1 hat of see invisible (worn)
 w - a +0 kite shield (worn)
 z - +0 fire dragon scales
 D - the +2 pair of gloves of Minor Irritation (worn) {rC+}
   (You acquired it on level 12 of the Dungeon)

   rC+:       It protects you from cold.
 K - the +2 pair of gloves "Koubb" {*Corrode +Blink rPois Str+3}
   (You found it in a volcano)

   Str+3:     It affects your strength (+3).
   rPois:     It protects you from poison +Blink: It lets you blink.
   *Corrode:  It may corrode you when you take damage.
 N - a +1 chain mail of fire resistance
 R - the +6 scale mail of the Thirteen Emperors {Harm Regen+ Str+3 Int-4}
   (You found it on level 3 of the Shoals)

   Str+3:     It affects your strength (+3).
   Int-4:     It affects your intelligence (-4).
   Regen+:    It increases your rate of health regeneration.
   Harm:      It increases damage dealt and taken.
Jewellery
 e - the ring of Qobbol {Int+6 SInv}
   (You found it on level 5 of the Lair of Beasts)

   [ring of intelligence]

   Int+6:     It affects your intelligence (+6).
   SInv:      It lets you see invisible.
 g - an amulet of regeneration (around neck)
 h - a +5 ring of evasion (right hand)
 A - a ring of protection from fire
 E - a ring of resist corrosion
 P - a ring of poison resistance (left hand)
Talismans
 c - a granite talisman
Wands
 f - a wand of digging (4)
 v - a wand of flame (26)
 H - a wand of mindburst (8)
 J - a wand of polymorph (4)
 L - a wand of iceblast (4)
Scrolls
 j - 4 scrolls of silence
 k - 8 scrolls of immolation
 l - 2 scrolls of vulnerability
 u - a scroll of blinking
 x - 9 scrolls of identify
 M - a scroll of torment
 O - a scroll of fear
Potions
 d - 5 potions of mutation
 i - 7 potions of enlightenment
 m - 3 potions of cancellation
 o - 5 potions of brilliance
 q - a potion of might
 B - a potion of lignification
 C - 2 potions of attraction
 F - a potion of magic
 G - 3 potions of curing
 Q - a potion of ambrosia
 T - a potion of resistance


   Skills:
 * Level 14.3 Fighting
 - Level 16.8 Maces & Flails
 * Level 3.5 Armour
 * Level 0.8 Dodging
 - Level 0.2 Stealth
 * Level 8.3 Shields
 * Level 0.4 Spellcasting
 * Level 0.4 Translocations
 - Level 13.0 Fire Magic
 - Level 17.5 Invocations


You had 8 spell levels left.
You knew the following spells:

 Your Spells              Type           Power      Damage    Failure   Level
a - Fireball              Conj/Fire      7%         3d5       88%         5
b - Lesser Beckoning      Tloc           2%         N/A       77%         2

Your spell library contained the following spells:

 Spells                   Type           Power      Damage    Failure   Level
 Volatile Blastmotes      Fire/Tloc      32%        2d12      19%         3
 Summon Blazeheart Golem  Fire/Summ      15%        N/A       56%         4
 Necrotise                Necr           0%         1d4       69%         1
 Summon Small Mammal      Summ           0%         N/A       69%         1
 Ensorcelled Hibernation  Hex/Ice        0%         N/A       83%         2
 Static Discharge         Conj/Air       0%         3-3/arc   83%         2
 Sublimation of Blood     Necr           0%         N/A       83%         2
 Gell's Gravitas          Tloc           1%         N/A       94%         3
 Teleport Other           Tloc           1%         N/A       94%         3
 Call Canine Familiar     Summ           0%         N/A       96%         3
 Fugue of the Fallen      Necr           0%         N/A       96%         3
 Stone Arrow              Conj/Erth      0%         3d7       96%         3
 Vampiric Draining        Necr           0%         2d6       96%         3
 Airstrike                Air            0%         2d(0-16)  100%        4
 Anguish                  Hex/Necr       0%         N/A       100%        4
 Animate Armour           Summ/Erth      0%         N/A       100%        4
 Brom's Barrelling Bould  Conj/Erth      0%         2d3       100%        4
 Fulminant Prism          Conj/Alch      0%         3d5       100%        4
 Iskenderun's Mystic Bla  Conj/Tloc      0%         2d3       100%        4
 Martyr's Knell           Necr/Summ      0%         N/A       100%        4
 Passage of Golubria      Tloc           1%         N/A       100%        4
 Petrify                  Alch/Erth      0%         N/A       100%        4
 Summon Lightning Spire   Summ/Air       0%         N/A       100%        4
 Vhi's Electric Charge    Tloc/Air       0%         N/A       100%        4
 Arcjolt                  Conj/Air       0%         1d10      100%        5
 Curse of Agony           Necr           0%         N/A       100%        5
 Irradiate                Conj/Alch      0%         3d11      100%        5
 Iskenderun's Battlesphe  Conj           0%         2d6       100%        5
 Lee's Rapid Deconstruct  Erth           0%         3d4*      100%        5
 Silence                  Hex/Air        0%         N/A       100%        5
 Conjure Ball Lightning   Conj/Air       0%         3x3d6     100%        6
 Dispersal                Tloc           0%         N/A       100%        6
 Plasma Beam              Fire/Air       7%         2x1d18    100%        6
 Orb of Destruction       Conj           0%         9d5       100%        7
 Lehudib's Crystal Spear  Conj/Erth      0%         10d2      100%        8


Dungeon Overview and Level Annotations

Branches:
Dungeon (15/15)            Temple (1/1) D:4            Lair (5/5) D:10
 Shoals (3/4) Lair:3       Spider (0/4) Lair:3          Orc (2/2) D:12
    Elf (0/3) Orc:2        Vaults (0/5) D:13         Depths (0/4) D:15
  Sewer (visited)         Volcano (visited)
  Slime: Lair:4-5

Altars:
Ashenzari
Cheibriados
Dithmenos
Fedhas
Gozag
Hepliaklqana
Kikubaaqudgha
Makhleb
Nemelex Xobeh
Okawaru
Qazlal
Ru
Sif Muna
Trog
Uskayaw
Vehumet
Wu Jian
Xom
Yredelemnul

Shops:
D:7 *   D:8 *   D:12 (   D:13 ![(*!   D:14 *   Orc:1 (   Orc:2 *(!(!
Shoals:1 *   Shoals:2 =

Annotations:
D:13 Axe till you can swap to elestaff.
D:14 Lots of books


Innate Abilities, Weirdness & Mutations

Your life essence is reduced to manifest your ancestor. (-10% HP)
You have a pair of small horns on your head.
You are mostly covered in slimy green scales. (AC +3)
You are powered by pain.
When hurt, damage is shared between your health and your magic reserves.
You regenerate magic rapidly.


Message History

The merfolk aquamancer looks as sick as possible!
The merfolk aquamancer hits you with a +0 rapier!
Unknown command.
Unknown command.
You whack the merfolk aquamancer!
The merfolk aquamancer looks as sick as possible!
You headbutt the merfolk aquamancer.
The merfolk aquamancer is almost dead.
You kill the water nymph!
The water elemental hits you!
Ferran gestures at the merfolk aquamancer while chanting.
The merfolk aquamancer appears confused.
The water elemental hits you!
* * * LOW HITPOINT WARNING * * *
The water elemental engulfs you in water!
Unknown command.
You feel better.
* * * LOW HITPOINT WARNING * * *
Your lungs strain for air!
The merfolk aquamancer is engulfed in poison gas.
The merfolk aquamancer looks as sick as possible!
You kill the merfolk aquamancer!
The water elemental hits you. You block the water elemental's attack.
The water nymph points at you and mumbles some strange words.
The water swirls and strikes you!!
* * * LOW HITPOINT WARNING * * *
You focus on the pain.
You feel very mighty all of a sudden.
Unknown command.
Unknown command.
You cannot read scrolls while unable to breathe!
Unknown command.
Unknown command.
* * * LOW HITPOINT WARNING * * *
Your lungs strain for air!
The water elemental attacks as it pursues you!
The water elemental closely misses you.
Ferran hits the water elemental with a +0 dagger of draining!!
The water elemental hits you!
You die...

~~~~~~~#~ ~~≈
~☼§☼§○☼○°°☼§○~~
~§§§§°°○§°#~~~m
~○§§§§§☼○°§m☼~~~
.§○☼○○§§°§§○#~~
~☼§§§§○~○§.☼§~#~
~☼§○°○ER☼§§☼§~~~
.°§§§°@E☼§§§§~~~
~§§°○°°☼§☼○§☼~~~
~○§☼○§°§°°§°°~~~
~°☼○§○°§○§§☼°~~~
.§§§☼§○☼°☼§○§~~~
.§☼§§°○°§§○○°~..
~☼§§°§§○○§§○§~##
≈≈
~~~~....~....~###
≈≈~
~~~~..#......~~~~~


You could see the friendly Ferran the hexer (idealised), 2 water elementals and
a water nymph.

Vanquished Creatures
  Rupert (D:13)
  Gastronok (D:11)
  Frances (D:14)
  A dire elephant (Lair:5)
  Snorg (Lair:4)
  Josephine (D:13)
  A merfolk impaler (Shoals:2)
  A fire dragon (D:14)
  4 vault guards (D:13)
  4 hydras
  An ogre mage (D:13)
  2 two-headed ogres (Volcano)
  3 centaur warriors (D:14)
  A merfolk aquamancer (Shoals:3)
  3 boulder beetles
  4 death yaks (Lair:5)
  2 death knights (D:15)
  A deep troll shaman (Lair:5)
  A deep troll earth mage (D:15)
  3 orc high priests
  The ghost of Eitelfritz the Thaumaturge, a novice DsIE of Uskayaw (D:8)
  Sonja (D:13)
  5 skysharks
  Amaemon (Lair:2)
  2 deep elf knights (D:13)
  A skeletal warrior (D:15)
  A sea snake (Shoals:3)
  An arcanist (D:13)
  Lodul (D:14)
  A lindwurm (Lair:4)
  6 harpies
  A phantasmal warrior (D:15)
  A deep elf zephyrmancer (D:15)
  A deep elf pyromancer (D:15)
  5 orc sorcerers
  2 wolf spiders (Lair:3)
  6 cyclopes
  5 manticores
  A meliai (shapeshifter) (D:15)
  4 ugly things
  2 fauns
  3 meliai (D:14)
  13 elephants
  A molten gargoyle (D:14)
  2 black mambas (Lair:5)
  2 merfolk sirens
  8 gargoyles
  2 water nymphs
  4 cane toads
  An unseen horror (D:10)
  A yaktaur (D:13)
  2 tengu conjurers
  4 komodo dragons
  A merfolk (Shoals:3)
  4 trolls
  4 polar bears
  A wind drake (Shoals:3)
  Prince Ribbit (D:7)
  7 blink frogs
  3 snapping turtles
  2 dream sheep (Lair:3)
  8 slime creatures
  5 wraiths
  2 vampires
  A ynoxinul (D:8)
  2 shadows
  3 basilisks
  18 yaks
  A warg (Orc:1)
  7 vampire mosquitoes
  3 acid dragons
  8 water moccasins
  16 orc warriors
  7 black bears
  5 laughing skulls
  11 ogres
  13 wolves
  6 centaurs
  4 phantoms
  2 kobold brigands (D:8)
  7 bullfrogs
  A brain worm (Sewer)
  A gnoll sergeant (D:9)
  2 hexers
  7 wights
  A hornet simulacrum (D:15)
  4 killer bees (D:8)
  3 vampire bats (D:10)
  2 howler monkeys
  5 electric eels
  3 bombardier beetles
  26 orc priests
  4 hounds
  4 iguanas
  28 orc wizards
  5 hell rats (Lair:3)
  11 gnolls
  2 river rats
  8 adders
  2 ufetubi (D:7)
  3 ribbon worms
  4 dart slugs
  49 orcs
  4 bat skeletons (D:10)
  2 bat zombies (D:10)
  7 endoplasms
  4 giant cockroaches
  5 goblins
  5 hobgoblins
  3 jackals
  3 quokkas
  9 ball pythons
  10 bats
  4 frilled lizards
  7 kobolds
  3 rats
522 creatures vanquished.

Vanquished Creatures (collateral kills)
  A merfolk impaler (Shoals:1)
  A vault guard (D:13)
  A catoblepas (Lair:5)
  6 two-headed ogres
  A boulder beetle (D:11)
  A tengu warrior (D:15)
  3 orc high priests
  Urug (Orc:1)
  A hell knight (Volcano)
  A skeletal warrior (D:15)
  A sun moth (Lair:5)
  An orc knight (D:15)
  3 harpies (Shoals:2)
  A deep elf pyromancer (D:13)
  2 orc sorcerers (Orc:2)
  4 ugly things (D:14)
  A cyclops (D:13)
  4 elephants
  The ghost of ozzols the Cleaver, a novice MiBe of Trog (D:5)
  A meliai (shapeshifter) (D:15)
  Joseph (D:9)
  A black mamba (Lair:1)
  A merfolk siren (Shoals:3)
  2 water nymphs (Shoals:3)
  A gargoyle (D:14)
  A torpor snail (Lair:3)
  An orange demon (Lair:2)
  A kobold demonologist (D:11)
  An unseen horror (D:12)
  2 freezing wraiths (D:15)
  A yaktaur (D:15)
  2 cane toads (Lair:3)
  A komodo dragon (Lair:1)
  3 merfolk
  A polar bear (Lair:5)
  3 trolls
  A hornet (D:10)
  3 blink frogs
  3 slime creatures
  A dream sheep (Lair:3)
  2 water elementals
  A wyvern (Lair:5)
  A shadow (D:13)
  9 yaks
  7 wraiths
  2 vampire mosquitoes (D:11)
  4 water moccasins
  10 orc warriors
  2 black bears
  3 ogres
  9 wolves
  A phantom (D:5)
  2 centaurs (D:12)
  A gnoll sergeant (D:8)
  2 scorpions (D:5)
  2 bullfrogs
  2 wights (D:7)
  2 killer bees (D:8)
  A bombardier beetle (D:5)
  A hound (D:5)
  10 orc priests
  2 gnoll boudas
  A jelly (D:6)
  An iguana (D:5)
  9 orc wizards
  9 gnolls
  3 adders
  A ribbon worm (D:5)
  A dart slug (Sewer)
  25 orcs
  3 bats (Sewer)
  An endoplasm (Sewer)
  2 giant cockroaches
  A hobgoblin (D:4)
  A jackal (Sewer)
  A kobold (D:8)
  A quokka (Sewer)
  3 ball pythons
  A frilled lizard (Sewer)
  A goblin (D:4)
  A rat (D:4)
  A butterfly (Lair:5)
210 creatures vanquished.

Vanquished Creatures (others)
  A manticore (D:13)
  A tengu conjurer (D:14)
  A bombardier beetle (D:5)
  A hound (D:5)
  An orc priest (Orc:2)
  21 hexers
  2 ancestors
28 creatures vanquished.

Grand Total: 760 creatures vanquished

Notes
Turn   | Place    | Note
-------+----------+-------------------------------------------
     0 | D:1      | Amplified the Demonspawn Fighter began the quest for the
                  | Orb.
     0 | D:1      | Reached XP level 1. HP: 18/18 MP: 1/1
   236 | D:1      | Gained mutation: You sometimes gain a little power by
                  | taking damage. [demonic ancestry]
   236 | D:1      | Reached XP level 2. HP: 24/24 MP: 2/2
   728 | D:2      | Gained mutation: You are partially covered in slimy green
                  | scales. (AC +2) [demonic ancestry]
   728 | D:2      | Reached XP level 3. HP: 29/29 MP: 3/3
  1000 | D:2      | Found a hazy altar of Hepliaklqana.
  1010 | D:2      | Became a worshipper of Hepliaklqana the Forgotten
  1512 | D:3      | Found a shimmering blue altar of Sif Muna.
  1741 | D:3      | Reached skill level 1 in Invocations
  1741 | D:3      | Gained mutation: You are mostly covered in slimy green
                  | scales. (AC +3) [demonic ancestry]
  1741 | D:3      | Reached XP level 4. HP: 11/37 MP: 4/4
  2100 | D:3      | Reached * piety under Hepliaklqana
  2195 | D:4      | Noticed an ogre
  2196 | D:4      | Noticed an ogre
  2203 | D:4      | Noticed a phantom
  2215 | D:4      | Killed a phantom
  2216 | D:4      | Reached skill level 2 in Invocations
  2216 | D:4      | Reached XP level 5. HP: 33/37 MP: 6/6
  2230 | D:4      | Killed an ogre
  2231 | D:4      | Gained mutation: You regenerate magic rapidly. [demonic
                  | ancestry]
  2231 | D:4      | Reached XP level 6. HP: 39/43 MP: 6/8
  2238 | D:4      | HP: 1/64 [ogre/+0 giant club (7)]
  2241 | D:4      | Reached skill level 3 in Invocations
  2385 | D:4      | Identified the +1 robe of the Equinox {-Tele rF+ Str+3
                  | Dex+3}
  2434 | D:4      | Found a glowing drain.
  2444 | Sewer    | Entered a sewer
  2736 | Sewer    | Gained mutation: You have a pair of small horns on your
                  | head. [demonic ancestry]
  2736 | Sewer    | Reached XP level 7. HP: 32/49 MP: 7/9
  2998 | D:4      | Found a staircase to the Ecumenical Temple.
  3003 | D:4      | Reached skill level 4 in Invocations
  3016 | D:4      | Identified a scroll of acquirement
  3016 | D:4      | Acquired 974 gold pieces
  3019 | D:4      | Reached ** piety under Hepliaklqana
  3023 | Temple   | Entered the Ecumenical Temple
  3026 | D:4      | Remembered your ancestor Ferran as a hexer
  3228 | D:5      | Entered Level 5 of the Dungeon
  3366 | D:5      | Found a runed translucent gate.
  3366 | D:5      | Noticed ozzols's ghost (novice MiBe)
  3367 | D:5      | Found a runed translucent gate.
  3368 | D:5      | Found a runed translucent gate.
  3401 | D:5      | Reached skill level 5 in Fighting
  3443 | D:5      | Reached skill level 5 in Invocations
  3448 | D:5      | Reached XP level 8. HP: 28/56 MP: 11/11
  3543 | D:5      | Found a shimmering altar of Xom.
  3560 | D:5      | Reached skill level 5 in Shields
  3955 | D:5      | Reached skill level 5 in Maces & Flails
  3983 | D:5      | Reached skill level 6 in Invocations
  4339 | D:6      | Reached *** piety under Hepliaklqana
  4453 | D:7      | Found Memav's Assorted Antiques.
  4465 | D:7      | Bought a scroll labelled QACOEN FICI for 19 gold pieces
  4482 | D:7      | Bought a potion of heal wounds for 95 gold pieces
  4482 | D:7      | Bought a scroll of fog for 76 gold pieces
  4492 | D:7      | Noticed a two-headed ogre
  4983 | D:7      | Killed a two-headed ogre
  4984 | D:7      | Reached skill level 7 in Invocations
  4984 | D:7      | Reached XP level 9. HP: 31/64 MP: 14/14
  5284 | D:7      | Noticed Prince Ribbit
  5293 | D:7      | Killed Prince Ribbit
  5294 | D:7      | Reached skill level 8 in Invocations
  6038 | D:7      | Reached skill level 9 in Invocations
  6261 | D:8      | Found Cafoin's Fire Supplies.
  6282 | D:8      | Bought a manual of Fire Magic for 1120 gold pieces
  6314 | D:8      | Reached skill level 1 in Fire Magic
  6431 | D:8      | Reached **** piety under Hepliaklqana
  6444 | D:8      | Gained mutation: You sometimes gain power by taking damage.
                  | [demonic ancestry]
  6444 | D:8      | Reached XP level 10. HP: 71/72 MP: 17/17
  6785 | D:8      | Noticed Eitelfritz's ghost (novice DsIE)
  6787 | D:8      | Found a runed translucent door.
  7451 | D:9      | Noticed Joseph
  7458 | D:9      | Killed Joseph
  7459 | D:9      | Reached skill level 10 in Invocations
  7572 | D:9      | Found a sparkling altar of Nemelex Xobeh.
  7601 | D:9      | Found a burning altar of Makhleb.
  8015 | D:9      | Reached skill level 5 in Fire Magic
  8411 | D:10     | Entered Level 10 of the Dungeon
  8421 | D:10     | Reached skill level 11 in Invocations
  8454 | D:10     | Reached XP level 11. HP: 57/80 MP: 19/19
  8460 | D:10     | Found a staircase to the Lair.
  8645 | D:10     | Found a hazy altar of Hepliaklqana.
  8732 | D:10     | Noticed a sea snake
  8899 | D:10     | Found an ancient bone altar of Kikubaaqudgha.
  8995 | D:10     | Noticed a two-headed ogre
  9002 | D:10     | Killed a two-headed ogre
  9094 | D:10     | Noticed a two-headed ogre
  9097 | D:10     | Killed a two-headed ogre
  9244 | D:10     | Identified the +3 ring mail of Vexation {Harm}
  9563 | D:11     | Noticed a boulder beetle
  9870 | D:5      | Killed ozzols's ghost
 10206 | D:11     | Noticed Gastronok
 10452 | D:9      | Found a blossoming altar of Fedhas.
 10533 | D:8      | Learned a level 5 spell: Fireball
 10611 | Lair:1   | Entered Level 1 of the Lair of Beasts
 10660 | Lair:1   | Reached skill level 10 in Fighting
 10708 | Lair:1   | Reached skill level 12 in Invocations
 10800 | Lair:1   | Found a dark tunnel.
 10816 | Volcano  | Entered a volcano
 10830 | Volcano  | Noticed a hell knight
 10832 | Volcano  | Noticed a two-headed ogre
 10840 | Volcano  | Killed a hell knight
 10841 | Volcano  | Noticed a two-headed ogre
 10843 | Volcano  | Killed a two-headed ogre
 10855 | Volcano  | Killed a two-headed ogre
 10874 | Volcano  | Identified the +2 pair of gloves "Koubb" {*Corrode +Blink
                  | rPois Str+3}
 10926 | Volcano  | Noticed a two-headed ogre
 10933 | Volcano  | Killed a two-headed ogre
 10947 | Volcano  | Noticed an ogre mage
 10947 | Volcano  | Noticed a two-headed ogre
 10947 | Volcano  | Noticed a two-headed ogre
 10947 | Volcano  | Paralysed by an ogre mage for 4 turns
 10964 | Lair:1   | Reached XP level 12. HP: 36/88 MP: 21/21
 11308 | Lair:1   | Reached XP level 13. HP: 36/93 MP: 22/22
 11387 | Lair:3   | You fall into a shaft and drop 2 floors!
 11387 | Lair:5   | Entered Level 5 of the Lair of Beasts
 11431 | Lair:5   | Reached skill level 13 in Invocations
 11525 | Lair:5   | Reached skill level 10 in Fire Magic
 11986 | Lair:5   | Reached skill level 14 in Invocations
 12495 | Lair:5   | Noticed a dire elephant
 12613 | Lair:5   | Killed a dire elephant
 12681 | Lair:5   | Got an earthy gem with 1871 turns to spare
 12689 | Lair:5   | Identified the ring of Qobbol {Int+6 SInv}
 12820 | Lair:4   | Noticed Snorg
 12829 | Lair:4   | Killed Snorg
 13115 | D:11     | Reached XP level 14. HP: 101/103 MP: 25/25
 13442 | D:11     | Reached skill level 15 in Invocations
 13956 | D:12     | Found a staircase to the Orcish Mines.
 14115 | D:12     | Acquired the +2 pair of gloves of Minor Irritation {rC+}
 14561 | D:12     | Found Kaont's Weapon Shoppe.
 14647 | D:13     | Noticed Josephine
 14711 | Orc:1    | Entered Level 1 of the Orcish Mines
 14714 | Orc:1    | Noticed Urug
 14782 | D:13     | Found Resoops's Distillery.
 14793 | D:13     | Bought a potion of heal wounds for 85 gold pieces
 14793 | D:13     | Bought a potion of heal wounds for 85 gold pieces
 14793 | D:13     | Bought a potion of curing for 51 gold pieces
 14793 | D:13     | Bought a potion of might for 68 gold pieces
 14811 | D:13     | Found Otsuejic's Antique Weapon Shop.
 14822 | D:13     | Bought a runed broad axe for 238 gold pieces
 14933 | D:13     | Found Sasoleb's Armour Shoppe.
 14973 | D:13     | Found Peynor's Distillery.
 14974 | D:13     | Noticed Rupert
 14977 | D:13     | Paralysed by Rupert for 2 turns
 14999 | D:13     | Found a transporter.
 15001 | D:13     | Found Raheuwk's Assorted Antiques.
 15156 | Orc:1    | Killed Urug
 15263 | Orc:1    | Found Wizeorodu's Antique Weapon Boutique.
 15996 | Orc:2    | Entered Level 2 of the Orcish Mines
 16086 | Orc:2    | Paralysed by an orc sorcerer for 2 turns
 17415 | Orc:2    | Paralysed by an orc sorcerer for 3 turns
 17523 | Orc:2    | Found Yfoph's Overcharged Wands.
 17531 | Orc:2    | Found a staircase to the Elven Halls.
 17587 | Orc:2    | Found Weal Gouc's Antique Weapon Boutique.
 17588 | Orc:2    | Found Socveb's Distillery.
 17589 | Orc:2    | Found Nynweq's Distillery.
 17592 | Orc:2    | Found Kykloe's Antique Weapon Shop.
 17598 | Orc:2    | Bought a glowing morningstar for 217 gold pieces
 18032 | D:8      | Killed Eitelfritz's ghost
 18171 | D:11     | Killed Gastronok
 18343 | D:13     | Noticed Sonja
 18358 | D:13     | Killed Sonja
 18544 | D:13     | Identified the maw talisman of Lugonu {Int+5 Dex-3}
 18680 | D:13     | Found a transporter.
 18691 | D:13     | Bought a scroll labelled VEUM UZOATZ for 32 gold pieces
 18870 | D:13     | Reached skill level 15 in Maces & Flails
 18931 | D:13     | Killed Rupert
 18981 | D:13     | Bought a potion of berserk rage for 75 gold pieces
 19103 | D:13     | Killed Josephine
 19104 | D:13     | Gained mutation: You are powered by pain. [demonic
                  | ancestry]
 19104 | D:13     | Reached XP level 15. HP: 107/109 MP: 26/26
 19771 | D:13     | Found a gate to the Vaults.
 20250 | D:14     | Noticed Lodul
 20268 | D:14     | Killed Lodul
 20458 | D:14     | Found Ciwkauma's Demolitions Depot.
 20757 | D:14     | Found a burning altar of Makhleb.
 20835 | D:14     | Noticed Frances
 20852 | D:14     | Killed Frances
 21971 | D:15     | Entered Level 15 of the Dungeon
 22028 | D:15     | Reached skill level 16 in Invocations
 23192 | D:15     | Found a staircase to the Depths.
 23627 | D:10     | Upgraded the game from 0.31.0 to 0.31.0-1-g2c135a008e
 23983 | Lair:2   | Noticed Amaemon
 23999 | Lair:2   | Killed Amaemon
 24293 | Lair:3   | Gained mutation: When hurt, damage is shared between your
                  | health and your magic reserves. [demonic ancestry]
 24293 | Lair:3   | Reached XP level 16. HP: 100/118 MP: 28/28
 24325 | Lair:3   | Found a hole to the Spider Nest.
 24419 | Lair:3   | Reached skill level 17 in Invocations
 24512 | Shoals:1 | Entered Level 1 of the Shoals
 24512 | Shoals:1 | Found Cepiawk's CLEARANCE SALE!.
 24518 | Shoals:1 | Bought a scroll of silence for 19 gold pieces
 24680 | Shoals:1 | Acquired a ring of poison resistance
 24757 | Shoals:2 | Reached ***** piety under Hepliaklqana
 24774 | Shoals:2 | Found Opuyhui's Jewellery Shop.
 25057 | Shoals:3 | Identified the +6 scale mail of the Thirteen Emperors {Harm
                  | Regen+ Str+3 Int-4}
 25136 | Shoals:3 | Learned a level 2 spell: Lesser Beckoning
 25203 | Shoals:3 | HP: 4/120 [drowned by a water elemental (9)]
 25203 | Shoals:3 | Slain by a water elemental

Illustrated notes

Levels and vault maps discovered:
D:1:      amcnicky_arrival_blooded_trapdoor, layout_basic,
          minmay_misc_feat_four_crosses
D:2:      layout_loops_ring, basic_altar, chequers_garden
D:3:      layout_basic, old_standard_altar, grunt_ministairs_9,
          kennysheep_minor_cross
D:4:      layout_rooms, minmay_temple_entry_mist, portal_sewer_entry_e
D:5:      layout_gridville, xom_confusion_cloud, biasface_ghost_orc_armoury
D:6:      layout_cave_pools, chequers_serial_rivers_micro_b,
          serial_library_hellmonk_double_dead_end
D:7:      layout_loops_ring, serial_shops, shop, uniq_prince_ribbit1
D:8:      layout_cave_pools, hellmonk_ghost_big_iron,
          hangedman_abyss_or_decor_lesser_grid, chequers_jeans,
          nicolae_shop_fire_sale [nicolae_sub_dead_trees], abandoned_shop,
          kennysheep_nondescript, blue_anna_alchemist, kennysheep_generic_room_4
D:9:      layout_long_grid, nicolae_overflow_squiral, elyvilon_altar_5,
          kennysheep_mini_moat, nicolae_wwwww, uniq_joseph
D:10:     layout_loops_cross, kennysheep_vampire_church,
          nicolae_hepliaklqana_hazy_memory, due_lair_maze_entry_diamond,
          serial_aquarium, aquarium_bridge_island_small
          [aquarium_subvault_small_open, aquarium_subvault_window,
          aquarium_subvault_bridge, aquarium_subvault_wall,
          aquarium_subvault_bridge], aquarium_window_1, aquarium_window_fake,
          aquarium_view_2g, aquarium_view_2g, aquarium_balcony_3b
D:11:     layout_big_octagon, minmay_fractal_squares_5, uniq_gastronok
D:12:     layout_irregular_city, orc_0_dummy, serial_shops, shop
D:13:     layout_loops_corners, grunt_vaults_entry_fortified, serial_shops,
          shop, nicolae_shop_tiny_statue_garden, nicolae_shop_industrial_runoff,
          shop, nicolae_shop_drivethru, uniq_josephine, uniq_rupert, uniq_sonja
D:14:     gargoyle_guard, layout_basic, nicolae_blasting_shop,
          makhleb_altar_promises_db, uniq_frances, uniq_lodul
D:15:     hellmonk_depths_entry_around_the_bend, layout_loops_ring,
          nicolae_twisty_statue_hallways
Temple:   nicolae_temple_bog_church
Lair:1:   layout_regular_city, enter_volcano_1, serial_bayou,
          serial_bayou_ford_a, serial_bayou_lake_a, serial_bayou_pond_a,
          serial_bayou_lagoon_b
Lair:2:   beast_lair_carwin_large_2, layout_regular_city, grunt_megastairs_4,
          uniq_amaemon
Lair:3:   layout_loops_ring, nicolae_shoals_entry_flooding,
          spider_nest_entry_rubble, serial_bayou, serial_bayou_pond_e,
          serial_bayou_crossing, serial_bayou_pond_c, serial_bayou_pond_e,
          serial_bayou_pond_a
Lair:4:   minmay_lair_oklob_tunnel, layout_regular_city,
          minmay_slime_entry_oklob_open, basic_altar, st_stairs_5,
          grunt_megastairs_3, uniq_snorg
Lair:5:   grunt_lair_end_beastmaster, layout_misc_corridors, lemuel_fruit_fields
Shoals:1: layout_shoals, nicolae_shop_clearance
Shoals:2: layout_shoals, serial_shops, nicolae_shop_advertising_works
          [nicolae_subvault_shop_adworks], nicolae_shop_stone,
          nicolae_shop_tiny_statue_garden, nicolae_shop_pleasant_corner_grove,
          shop
Shoals:3: layout_shoals, nicolae_shoals_water_shrine
Orc:1:    layout_caves, serial_shops, shop,
          regret_index_minedec_shroomtown_chain, uniq_urug
Orc:2:    st_orc_mages, layout_caves, basic_altar,
          nicolae_shop_overcharged_wands

Skill      XL: |  1  2  3  4  5  6  7  8  9 10 11 12 13 14 15 16 |
---------------+-------------------------------------------------+-----
Maces & Flails | 2 3 4 6 7 8 11 12 13 15 16 | 16.8
Shields        | 3 4 5 7 8 |  8.3
Invocations    | 1 2 3 5 7 9 11 12 14 15 16 17 | 17.5
Armour         | 3 |  3.5
Fighting       | 4 5 7 8 9 10 12 13 14 | 14.3
Fire Magic     | 1 6 8 9 11 13 | 13.0
Dodging        | |  0.8
Stealth        | |  0.2
Spellcasting   | |  0.4
Translocations | |  0.4

Action                     |  1- 3 |  4- 6 |  7- 9 | 10-12 | 13-15 | 16-18 || total
---------------------------+-------+-------+-------+-------+-------+-------++-------
  Melee: Flail             |   126 |   155 |   178 |    37 |   414 |       ||   910
         Headbutt          |       |       |    46 |    63 |   315 |    83 ||   507
         Morningstar       |       |       |    32 |   192 |   641 |       ||   865
         Mace              |       |       |       |    60 |       |       ||    60
         Demon whip        |       |       |       |       |    63 |   226 ||   289
  Throw: Dart              |     1 |     3 |     4 |    14 |    11 |       ||    33
         Throwing net      |       |       |     1 |       |       |       ||     1
 Invoke: Recall Ancestor   |       |     1 |     1 |     4 |    16 |       ||    22
         Ancestor Life: He |       |       |     1 |       |       |       ||     1
         Idealise          |       |       |       |     7 |    16 |     2 ||    25
Ability: Evoke Blink       |       |       |       |       |     2 |       ||     2
  Evoke: Wand              |     2 |     2 |    29 |    27 |    42 |     2 ||   104
    Use: Scroll            |     8 |     3 |    10 |    11 |    20 |     3 ||    55
         Potion            |     4 |     4 |     1 |     6 |    14 |     1 ||    30
   Stab: Distracted        |       |       |     7 |     7 |    18 |     3 ||    35
         Held in net/web   |       |       |     2 |       |       |       ||     2
         Confused          |       |       |     8 |     4 |    22 |     4 ||    38
         Invisible         |       |       |       |     2 |     7 |       ||     9
         Paralysed         |       |       |       |       |    32 |    22 ||    54
 Armour: Scale mail        |    89 |    89 |    61 |       |       |       ||   239
         Skin              |       |    25 |       |       |    55 |       ||    80
         Ring mail         |       |       |    75 |   196 |    70 |   106 ||   447
         Chain mail        |       |       |       |    30 |   606 |       ||   636
  Dodge: Dodged            |    62 |   100 |   133 |   190 |   663 |    81 ||  1229
  Block: Buckler           |    30 |    43 |    54 |    69 |   156 |       ||   352
         Kite shield       |       |       |       |       |    92 |    80 ||   172
